TOP OF THE 1ST |
Memphis Redbirds batting - Pitching for Reno Aces : RHP Marcos Tejeda
|
Pitching: RHP Marcos Tejeda
|
|
Batting: RHB Joe Smack
|
0-0: Ball 1-0: Called Strike 1-1: Ground out 1-3 (Groundball, 13S, EV 68.1 MPH)
|
Batting: SHB Dan Lash
|
0-0: Called Strike 0-1: Ball 1-1: Ball 2-1: Swinging Strike 2-2: Strikes out swinging
|
Batting: LHB Kyle Schaible
|
0-0: Ball 1-0: Ground out 5-3 (Groundball, 56, EV 86.9 MPH)
|
Top of the 1st over - 0 runs, 0 hits, 0 errors, 0 left on base; Memphis 0 - Reno 0 |
BOTTOM OF THE 1ST |
Reno Aces batting - Pitching for Memphis Redbirds : RHP Parker Warr
|
Pitching: RHP Parker Warr
|
|
Batting: RHB Roberto Rodriguez
|
0-0: Swinging Strike 0-1: Called Strike 0-2: Strikes out swinging
|
Batting: LHB Ian Jarvis
|
0-0: Ball 1-0: Ball 2-0: Foul Ball, location: 2F 2-1: Ball 3-1: Base on Balls
|
Batting: LHB Kevin Ferguson
|
0-0: Ball 1-0: Called Strike 1-1: Ball Passed Ball! Ian Jarvis to second 2-1: Foul Ball, location: 2F 2-2: Fly out, F7 (Flyball, 7LS, EV 98.1 MPH)
|
Batting: LHB Jeff Densmore
|
0-0: Ball 1-0: Called Strike 1-1: Foul Ball, location: 2F 1-2: Strikes out swinging
|
Bottom of the 1st over - 0 runs, 0 hits, 0 errors, 1 left on base; Memphis 0 - Reno 0 |
TOP OF THE 2ND |
Memphis Redbirds batting - Pitching for Reno Aces : RHP Marcos Tejeda
|
Batting: LHB Colin Worthington
|
0-0: Swinging Strike 0-1: Ball 1-1: Swinging Strike 1-2: Foul Ball, location: 2F 1-2: Ball 2-2: Foul Ball, location: 2F 2-2: Strikes out swinging
|
Batting: RHB Danny Gallo
|
0-0: Called Strike 0-1: Called Strike 0-2: Ball 1-2: Strikes out swinging
|
Batting: RHB Fabrice Bertin
|
0-0: Ball 1-0: Foul Ball, location: 2F 1-1: Ball 2-1: Foul Ball, location: 2F 2-2: Ball 3-2: Strikes out swinging
|
Top of the 2nd over - 0 runs, 0 hits, 0 errors, 0 left on base; Memphis 0 - Reno 0 |
BOTTOM OF THE 2ND |
Reno Aces batting - Pitching for Memphis Redbirds : RHP Parker Warr
|
Batting: RHB Justin McQuarter
|
0-0: Ball 1-0: Ball 2-0: Called Strike 2-1: Reached on error, E5 (Groundball, 56S, EV 62.5 MPH)
|
Batting: RHB Danny Gerardo
|
0-0: Foul Ball, location: 2F 0-1: Foul Ball, location: 2F 0-2: Ball 1-2: Strikes out looking
|
Batting: RHB Dustin Clark
|
0-0: Foul Ball, location: 2F 0-1: Called Strike 0-2: Ball 1-2: Foul Ball, location: 2F 1-2: Ball 2-2: Fly out, F4 (Line Drive, 4, EV 70.0 MPH)
|
Batting: RHB Jonathan Lugo
|
0-0: Called Strike 0-1: Ball 1-1: Foul Ball, location: 2F 1-2: Ball 2-2: SINGLE (Groundball, 56D, EV 95.0 MPH) Justin McQuarter to third Runner from 3rd tries for Home, SAFE, throw by LF to home Jonathan Lugo to second
|
Batting: RHB Dan Boylan
|
0-0: Called Strike 0-1: Ground out 6-3 (Groundball, 6, EV 103.8 MPH)
|
Bottom of the 2nd over - 1 run, 1 hit, 1 error, 1 left on base; Memphis 0 - Reno 1 |
TOP OF THE 3RD |
Memphis Redbirds batting - Pitching for Reno Aces : RHP Marcos Tejeda
|
Batting: LHB John Bailey
|
0-0: Called Strike 0-1: Ball 1-1: Ball 2-1: Ball 3-1: Base on Balls
|
Batting: RHB Josh Martin
|
0-0: Foul Ball, location: 2F 0-1: Ball 1-1: Swinging Strike 1-2: 2-RUN HOME RUN (Flyball, 89XD, EV 111.9 MPH), Distance : 433 ft
|
Batting: LHB Adam Eisen
|
0-0: Ball 1-0: Ball 2-0: Called Strike 2-1: Foul Ball, location: 2F 2-2: Ball 3-2: Strikes out swinging
|
Batting: RHB Joe Smack
|
0-0: Foul Ball, location: 2F 0-1: Ball 1-1: Ball 2-1: Foul Ball, location: 2F 2-2: Strikes out swinging
|
Batting: SHB Dan Lash
|
0-0: Ball 1-0: Foul Ball, location: 2F 1-1: Foul Ball, location: 2F 1-2: Ball 2-2: Ball 3-2: Foul Ball, location: 2F 3-2: Ground out 4-3 (Groundball, 4M, EV 105.6 MPH)
|
Top of the 3rd over - 2 runs, 1 hit, 0 errors, 0 left on base; Memphis 2 - Reno 1 |
BOTTOM OF THE 3RD |
Reno Aces batting - Pitching for Memphis Redbirds : RHP Parker Warr
|
Batting: RHB Roberto Rodriguez
|
0-0: Called Strike 0-1: Ground out 3-1 (Groundball, 34, EV 106.9 MPH)
|
Batting: LHB Ian Jarvis
|
0-0: Called Strike 0-1: Foul Ball, location: 2F 0-2: Strikes out swinging, 2-3 out at first.
|
Batting: LHB Kevin Ferguson
|
0-0: Called Strike 0-1: Ball 1-1: Ball 2-1: Called Strike 2-2: Strikes out swinging
|
Bottom of the 3rd over - 0 runs, 0 hits, 0 errors, 0 left on base; Memphis 2 - Reno 1 |
TOP OF THE 4TH |
Memphis Redbirds batting - Pitching for Reno Aces : RHP Marcos Tejeda
|
Batting: LHB Kyle Schaible
|
0-0: Swinging Strike 0-1: Called Strike 0-2: Ball 1-2: Ball 2-2: Foul Ball, location: 2F 2-2: Strikes out swinging
|
Batting: LHB Colin Worthington
|
0-0: Ball 1-0: Called Strike 1-1: Foul Ball, location: 2F 1-2: Ball 2-2: Ball 3-2: Foul Ball, location: 2F 3-2: SINGLE (Groundball, 5D, EV 103.8 MPH)
|
Batting: RHB Danny Gallo
|
0-0: Ball 1-0: Ball 2-0: Ball 3-0: Base on Balls Colin Worthington to second
|
Batting: RHB Fabrice Bertin
|
0-0: Called Strike 0-1: Fly out, F2 (Popup, 2RF, EV 90.6 MPH)
|
Batting: LHB John Bailey
|
0-0: Ball 1-0: Foul Ball, location: 2F 1-1: Called Strike 1-2: Strikes out swinging
|
Top of the 4th over - 0 runs, 1 hit, 0 errors, 2 left on base; Memphis 2 - Reno 1 |
BOTTOM OF THE 4TH |
Reno Aces batting - Pitching for Memphis Redbirds : RHP Parker Warr
|
Batting: LHB Jeff Densmore
|
0-0: Foul Ball, location: 2F 0-1: Fly out, F8 (Flyball, 8RM, EV 81.9 MPH)
|
Batting: RHB Justin McQuarter
|
0-0: Ball 1-0: Ball 2-0: Ball 3-0: Called Strike 3-1: Called Strike 3-2: Foul Ball, location: 2F 3-2: DOUBLE (Line Drive, 89D, EV 101.2 MPH)
|
Batting: RHB Danny Gerardo
|
0-0: Ball 1-0: Reached on error, E6 (Groundball, 6M, EV 89.4 MPH) Justin McQuarter to third
|
Batting: RHB Dustin Clark
|
0-0: Ball 1-0: Called Strike 1-1: Called Strike 1-2: Hit by Pitch Danny Gerardo to second
|
Batting: RHB Jonathan Lugo
|
0-0: Ball 1-0: Swinging Strike 1-1: Swinging Strike 1-2: Fly out, F9 (Flyball, 9D, EV 88.8 MPH) Runner from 3rd tags up, SCORES, no throw by RF Danny Gerardo to third
|
Batting: RHB Dan Boylan
|
0-0: Ball Dustin Clark is caught stealing 2nd base 2-4
|
Bottom of the 4th over - 1 run, 1 hit, 1 error, 1 left on base; Memphis 2 - Reno 2 |
TOP OF THE 5TH |
Memphis Redbirds batting - Pitching for Reno Aces : RHP Marcos Tejeda
|
Batting: RHB Josh Martin
|
0-0: Called Strike 0-1: Called Strike 0-2: Ground out 6-3 (Groundball, 6M, EV 104.4 MPH)
|
Batting: LHB Adam Eisen
|
0-0: SINGLE (Line Drive, 56D, EV 99.4 MPH)
|
Batting: RHB Joe Smack
|
0-0: Ball Adam Eisen steals 2nd base 1-0: Ball 2-0: Foul Ball, location: 2F 2-1: Foul Ball, location: 2F 2-2: Foul Ball, location: 2F 2-2: Foul Ball, location: 2F 2-2: Ball 3-2: Fly out, F7 (Flyball, 78S, EV 86.9 MPH)
|
Pitching: LHP Tristan Morrow
|
|
Batting: SHB Dan Lash
|
0-0: Called Strike 0-1: Ball 1-1: Swinging Strike 1-2: Foul Ball, location: 2F 1-2: Ball 2-2: Foul Ball, location: 2F 2-2: Ball 3-2: Strikes out swinging
|
Top of the 5th over - 0 runs, 1 hit, 0 errors, 1 left on base; Memphis 2 - Reno 2 |
BOTTOM OF THE 5TH |
Reno Aces batting - Pitching for Memphis Redbirds : RHP Parker Warr
|
Batting: RHB Dan Boylan
|
0-0: Ground out 5-3 (Groundball, 56, EV 81.2 MPH)
|
Batting: RHB Roberto Rodriguez
|
0-0: Called Strike 0-1: Called Strike 0-2: Ball 1-2: Ball 2-2: Foul Ball, location: 2F 2-2: Foul Ball, location: 2F 2-2: Ball 3-2: Foul Ball, location: 2F 3-2: Fly out, F8 (Flyball, 78D, EV 106.2 MPH)
|
Batting: LHB Ian Jarvis
|
0-0: Ball 1-0: Called Strike 1-1: Swinging Strike 1-2: Strikes out looking
|
Bottom of the 5th over - 0 runs, 0 hits, 0 errors, 0 left on base; Memphis 2 - Reno 2 |
TOP OF THE 6TH |
Memphis Redbirds batting - Pitching for Reno Aces : LHP Tristan Morrow
|
Batting: LHB Kyle Schaible
|
0-0: Foul Ball, location: 2F 0-1: Ball 1-1: Called Strike 1-2: Foul Ball, location: 2F 1-2: Ball 2-2: Foul Ball, location: 2F 2-2: Ball 3-2: Ground out 5-3 (Groundball, 6, EV 103.1 MPH)
|
Batting: LHB Colin Worthington
|
0-0: Foul Ball, location: 2F 0-1: Ball 1-1: Ball 2-1: Foul Ball, location: 2F 2-2: SINGLE (Groundball, 13S, EV 66.2 MPH) (infield hit)
|
Batting: RHB Danny Gallo
|
0-0: Ball 1-0: Ball 2-0: Ball 3-0: Called Strike 3-1: Called Strike 3-2: Ground out 5-3 (Groundball, 56S, EV 70.6 MPH) Colin Worthington to second
|
Batting: RHB Fabrice Bertin
|
0-0: Ball 1-0: Ball Balk! Colin Worthington to third 2-0: Ball 3-0: Called Strike 3-1: SINGLE (Groundball, 56D, EV 104.4 MPH) Colin Worthington scores
|
Batting: LHB John Bailey
|
0-0: Fielders Choice at 2nd, 5-4 (Groundball, 6, EV 103.1 MPH)
|
Top of the 6th over - 1 run, 2 hits, 0 errors, 1 left on base; Memphis 3 - Reno 2 |
BOTTOM OF THE 6TH |
Reno Aces batting - Pitching for Memphis Redbirds : RHP Parker Warr
|
Batting: LHB Kevin Ferguson
|
0-0: Ball 1-0: Swinging Strike 1-1: Ground out 6-3 (Groundball, P, EV 81.2 MPH)
|
Batting: LHB Jeff Densmore
|
0-0: SINGLE (Groundball, 4D, EV 100.0 MPH)
|
Batting: RHB Justin McQuarter
|
0-0: Ball Wild Pitch! Jeff Densmore to second 1-0: Ground out U3 (Groundball, 34S, EV 83.8 MPH) Jeff Densmore to third
|
Batting: RHB Danny Gerardo
|
0-0: Ball 1-0: Foul Ball, location: 2F 1-1: Called Strike 1-2: Ball 2-2: Ground out 4-3 (Groundball, 4, EV 76.2 MPH)
|
Bottom of the 6th over - 0 runs, 1 hit, 0 errors, 1 left on base; Memphis 3 - Reno 2 |
TOP OF THE 7TH |
Memphis Redbirds batting - Pitching for Reno Aces : LHP Tristan Morrow
|
Pitching: RHP Nick Burcham
|
|
Batting: RHB Josh Martin
|
0-0: Called Strike 0-1: Ball 1-1: Ball 2-1: Ground out 5-3 (Groundball, 56S, EV 61.9 MPH)
|
Batting: LHB Adam Eisen
|
0-0: Ball 1-0: Ball 2-0: Called Strike 2-1: Ground out 4-3 (Groundball, 4, EV 101.9 MPH)
|
Batting: RHB Joe Smack
|
0-0: DOUBLE (Flyball, 89XD, EV 101.9 MPH)
|
Batting: SHB Dan Lash
|
0-0: Foul Ball, location: 2F 0-1: Ball 1-1: Ball 2-1: Ball 3-1: DOUBLE (Groundball, 3L, EV 103.8 MPH) Joe Smack scores
|
Batting: LHB Kyle Schaible
|
0-0: Ball 1-0: SINGLE (Groundball, 6MD, EV 99.4 MPH) Dan Lash to third Runner from 3rd tries for Home, SAFE, throw by CF to home
|
Batting: LHB Colin Worthington
|
0-0: Ball 1-0: Foul Ball, location: 2F 1-1: Ball 2-1: Ground out 4-3 (Groundball, 34, EV 98.1 MPH)
|
Top of the 7th over - 2 runs, 3 hits, 0 errors, 1 left on base; Memphis 5 - Reno 2 |
BOTTOM OF THE 7TH |
Reno Aces batting - Pitching for Memphis Redbirds : RHP Parker Warr
|
Batting: RHB Dustin Clark
|
0-0: Bunt missed! 0-1: Swinging Strike 0-2: Ball 1-2: Ball 2-2: Ball 3-2: Base on Balls
|
Pitching: LHP Michael Twigg
|
|
Batting: RHB Jonathan Lugo
|
0-0: Ball 1-0: Ball 2-0: Sac Bunt to 13S - play at first, batter OUT! 1-3 Dustin Clark to second
|
Batting: RHB Dan Boylan
|
0-0: Called Strike 0-1: Ball 1-1: Ball 2-1: Foul Ball, location: 2F 2-2: Foul Ball, location: 2F 2-2: Ball 3-2: SINGLE (Flyball, 4MD, EV 90.0 MPH) Dustin Clark to third
|
Batting: RHB Roberto Rodriguez
|
0-0: Called Strike Dan Boylan is caught stealing 2nd base 2-4 0-1: Ball 1-1: Foul Ball, location: 2F 1-2: Strikes out looking
|
Bottom of the 7th over - 0 runs, 1 hit, 0 errors, 1 left on base; Memphis 5 - Reno 2 |
TOP OF THE 8TH |
Memphis Redbirds batting - Pitching for Reno Aces : RHP Nick Burcham
|
Pitching: RHP Marco Rodriguez
|
|
Batting: RHB Danny Gallo
|
0-0: Called Strike 0-1: Called Strike 0-2: Ball 1-2: Ball 2-2: Strikes out swinging
|
Batting: RHB Fabrice Bertin
|
0-0: Ball 1-0: Ball 2-0: Foul Ball, location: 2F 2-1: Swinging Strike 2-2: Strikes out swinging
|
Batting: LHB John Bailey
|
0-0: Called Strike 0-1: Foul Ball, location: 2F 0-2: Ball 1-2: Foul Ball, location: 2F 1-2: Strikes out swinging
|
Top of the 8th over - 0 runs, 0 hits, 0 errors, 0 left on base; Memphis 5 - Reno 2 |
BOTTOM OF THE 8TH |
Reno Aces batting - Pitching for Memphis Redbirds : LHP Michael Twigg
|
Batting: LHB Ian Jarvis
|
0-0: Ground out 1-3 (Groundball, P, EV 74.4 MPH)
|
Batting: RHB Edgar Garcia
|
0-0: Called Strike 0-1: Ball 1-1: Ball 2-1: DOUBLE (Flyball, 89D, EV 112.5 MPH)
|
Batting: LHB Jeff Densmore
|
0-0: Ball 1-0: Swinging Strike 1-1: Ground out 1-3 (Groundball, 15S, EV 66.9 MPH)
|
Batting: RHB Justin McQuarter
|
0-0: Called Strike 0-1: Called Strike 0-2: Ball 1-2: Strikes out swinging
|
Bottom of the 8th over - 0 runs, 1 hit, 0 errors, 1 left on base; Memphis 5 - Reno 2 |
TOP OF THE 9TH |
Memphis Redbirds batting - Pitching for Reno Aces : RHP Marco Rodriguez
|
Batting: RHB Josh Martin
|
0-0: Ball 1-0: Called Strike 1-1: Ball 2-1: Fly out, F3 (Popup, 3SF, EV 84.4 MPH)
|
Batting: LHB Adam Eisen
|
0-0: Foul Ball, location: 2F 0-1: Called Strike 0-2: Ground out 4-3 (Groundball, 4, EV 95.0 MPH)
|
Batting: RHB Joe Smack
|
0-0: Called Strike 0-1: Swinging Strike 0-2: Ball 1-2: Fly out, F6 (Popup, 6D, EV 74.4 MPH)
|
Top of the 9th over - 0 runs, 0 hits, 0 errors, 0 left on base; Memphis 5 - Reno 2 |
BOTTOM OF THE 9TH |
Reno Aces batting - Pitching for Memphis Redbirds : LHP Michael Twigg
|
Pitching: RHP Josh Sabatino
|
|
Batting: RHB Danny Gerardo
|
0-0: Ball 1-0: Swinging Strike 1-1: Ball 2-1: Ball 3-1: SINGLE (Groundball, 6M, EV 108.1 MPH) (infield hit)
|
Batting: RHB Dustin Clark
|
0-0: Foul Ball, location: 2F 0-1: Fly out, F8 (Flyball, 8LD, EV 82.5 MPH)
|
Pinch Hitting: SHB Carlos Rodriguez
|
0-0: Swinging Strike 0-1: Ball 1-1: Called Strike 1-2: Ball 2-2: Strikes out looking
|
Pinch Hitting: SHB Gerardo Flores
|
0-0: Ball 1-0: Called Strike 1-1: Swinging Strike 1-2: Strikes out swinging
|
Bottom of the 9th over - 0 runs, 1 hit, 0 errors, 1 left on base; Memphis 5 - Reno 2 |
|